 Dungeon Crawl Stone Soup version 0.26-a0-652-gafc20e3620 (webtiles) character file.

Game seed: 13771716198374023275

1038 DoubleLucky the Firebug (level 8, -2/41 HPs)
             Began as a Deep Elf Fire Elementalist on Oct 3, 2020.
             Engulfed by a cloud of flame (23 damage)
             ... on level 4 of the Dungeon.
             The game lasted 00:14:28 (6124 turns).

DoubleLucky the Firebug (DEFE)                      Turns: 6124, Time: 00:14:28

Health: -2/41      AC:  5    Str:  5    XL:     8   Next: 4%
Magic:  14/20      EV: 13    Int: 23    God:
Gold:   168        SH:  0    Dex: 15    Spells: 16/20 levels left

rFire    . . .     SeeInvis .   d - +0 dagger
rCold    . . .     Faith    .   (no shield)
rNeg     . . .     Spirit   .   a - +0 robe
rPois    .         Reflect  .   (no helmet)
rElec    .         Harm     .   (no cloak)
rCorr    .         Rampage  .   p - +0 pair of gloves
MR       .....                  u - +1 pair of boots {Fly}
Stlth    ++........             (no amulet)
HPRegen  0.13/turn              (no ring)
MPRegen  0.17/turn              (no ring)

@: flying
A: no striking features
a: Stop Flying


You were on level 4 of the Dungeon.
You visited 2 branches of the dungeon, and saw 6 of its levels.

You collected 168 gold pieces.

Inventory:

Hand Weapons
 c - a +0 short sword
 d - a +0 dagger (weapon)
 r - a +1 short sword of venom
Armour
 a - a +0 robe (worn)
 p - a +0 pair of gloves (worn)
 q - a +2 tower shield
 u - a +1 pair of boots of flying (worn)
Jewellery
 g - an uncursed ring of magical power {unknown}
 o - a cursed ring of magical power {unknown}
Wands
 w - a wand of iceblast (4)
 x - a wand of polymorph (4)
Scrolls
 b - 6 scrolls of identify {unknown}
 e - a scroll of noise {unknown}
 f - a scroll of fog {unknown}
 h - 3 scrolls of immolation {unknown}
 j - 4 scrolls of enchant armour {unknown}
 k - 3 scrolls of amnesia {unknown}
 l - a scroll of remove curse {unknown}
 m - a scroll of random uselessness {unknown}
 n - 2 scrolls of enchant weapon {unknown}
 v - a scroll of teleportation {unknown}
 y - a scroll of fear {unknown}
Potions
 i - a potion of curing
 s - 3 potions of degeneration {unknown}
 t - a potion of ambrosia {unknown}
 z - a potion of stabbing {unknown}


   Skills:
 - Level 2.4 Dodging
 - Level 2.4 Stealth
 + Level 6.9 Spellcasting
 + Level 5.1 Conjurations
 * Level 7.8 Fire Magic


You had 16 spell levels left.
You knew the following spells:

 Your Spells              Type           Power        Failure   Level
a - Foxfire               Conj/Fire      ####         1%          1
b - Conjure Flame         Conj/Fire      #####...     1%          3

Your spell library contained the following spells:

 Spells                   Type           Power        Failure   Level
 Inner Flame              Hex/Fire       ####....     4%          3
 Sticky Flame             Conj/Fire      #####...     5%          4
 Fireball                 Conj/Fire      #####.....   14%         5


Dungeon Overview and Level Annotations

Branches:
Dungeon (5/15)             Temple (1/1) D:4

Altars:
Cheibriados
Fedhas
Gozag
Hepliaklqana
Kikubaaqudgha
Trog
Wu Jian
Xom
Yredelemnul
The Shining One


Message History

There is a stone staircase leading down here.
The ogre hits you with a +0 giant club! The giant cockroach misses you.
The giant cockroach bites you but does no damage.
You reach down and open the door.
The giant cockroach closely misses you. The giant cockroach closely misses you.
There is an open door here.
The giant cockroach barely misses you.
The giant cockroach bites you but does no damage.
The ogre hits you with a +0 giant club!
The giant cockroach bites you but does no damage.
The giant cockroach misses you.
Casting: Foxfire (safe; 1% risk of failure)
Confirm with . or Enter, or press ? or * to list all spells.
The fire begins to smolder!
The giant cockroach barely misses you.
Casting: Conjure Flame (safe; 1% risk of failure)
Confirm with . or Enter, or press ? or * to list all spells.
The fire ignites!
You are engulfed in blazing flames.
Ouch! That really hurt!
You die...

#.#####..# #.≈≈≈≈≈≈_≈≈≈≈≈≈....#
##........####.≈≈≈≈≈≈≈≈≈≈≈≈≈.....
####.........#..≈≈≈≈≈≈≈≈≈≈≈......
'................≈≈≈≈≈≈≈≈≈.......
####...##.##.##....≈≈≈≈≈.........
# #..###.##.##..................
#.###..##.##..O...###........#
#.###.###.##..s...# #####...##
#.........###@##### ##+##
#####.##### #.# #.# ########.#
#.# #.# ......##.# #.# ##.##
....#.##.# #.# ##...## .##.#.##.#
##.## ##.....# .##.#.##.# #...#
#....... .##.#.##.#
#...########....### .........#
#......<.......##


You could see an ogre and a giant cockroach.

Vanquished Creatures
  Sigmund (D:3)
  A phantom (D:4)
  An ogre (D:4)
  A centaur (D:5)
  Blork the orc (D:4)
  A scorpion (D:5)
  2 vampire bats (D:2)
  A quasit (D:3)
  A bullfrog skeleton (D:4)
  An iguana (D:4)
  2 orc wizards (D:4)
  5 worker ants
  3 adders
  2 ufetubi (D:5)
  3 oozes
  An adder zombie (D:5)
  A worm (D:3)
  2 dart slugs
  3 leopard geckos
  11 orcs
  3 bat skeletons (D:2)
  3 bat zombies (D:2)
  8 giant cockroaches
  10 goblins
  10 hobgoblins
  7 jackals
  2 ball pythons
  6 bats
  2 frilled lizards
  5 kobolds
  A leopard gecko skeleton (D:4)
  A quokka skeleton (D:5)
  5 rats
107 creatures vanquished.

Vanquished Creatures (others)
  415 foxfires
415 creatures vanquished.

Grand Total: 522 creatures vanquished

Notes
Turn   | Place    | Note
-------+----------+-------------------------------------------
     0 | D:1      | DoubleLucky the Deep Elf Fire Elementalist began the quest
                  | for the Orb.
     0 | D:1      | Reached XP level 1. HP: 10/10 MP: 6/6
   233 | D:1      | Reached XP level 2. HP: 15/15 MP: 2/8
  1039 | D:1      | Reached XP level 3. HP: 17/19 MP: 8/10
  1399 | D:2      | Reached skill level 4 in Fire Magic
  2070 | D:2      | Reached XP level 4. HP: 24/24 MP: 9/12
  2310 | D:2      | Found an ancient bone altar of Kikubaaqudgha.
  2359 | D:2      | Reached XP level 5. HP: 22/28 MP: 6/13
  2571 | D:3      | Reached skill level 5 in Fire Magic
  2777 | D:3      | Noticed Sigmund
  2809 | D:3      | Killed Sigmund
  2809 | D:3      | Reached skill level 5 in Spellcasting
  2809 | D:3      | Reached XP level 6. HP: 2/32 MP: 1/15
  3254 | D:3      | Learned a level 3 spell: Conjure Flame
  3831 | D:4      | Noticed Blork the orc
  3846 | D:4      | Killed Blork the orc
  3846 | D:4      | Reached skill level 6 in Fire Magic
  4019 | D:4      | Found a staircase to the Ecumenical Temple.
  4030 | Temple   | Entered the Ecumenical Temple
  4518 | D:4      | Reached XP level 7. HP: 29/36 MP: 1/17
  4767 | D:4      | Found a bloodstained altar of Trog.
  5300 | D:4      | Reached skill level 7 in Fire Magic
  5845 | D:5      | Entered Level 5 of the Dungeon
  5938 | D:5      | Reached skill level 5 in Conjurations
  5944 | D:5      | Reached XP level 8. HP: 22/41 MP: 5/20
  6124 | D:4      | Engulfed by a cloud of flame

Illustrated notes

Levels and vault maps discovered:
D:1:      heliophobic_arrival_battle_scene, layout_basic
D:2:      layout_loops_ring, kennysheep_vampire_church, minmay_cupped
D:3:      layout_loops_cross, uniq_sigmund
D:4:      layout_loops_corners, temple_statues, lemuel_altar_in_water,
          uniq_blork_the_orc
D:5:      layout_cave_pools, minitemple, minmay_fractal_squares_diagonal_5
Temple:   jpeg_temple_island

Skill      XL: |  1  2  3  4  5  6  7 |
---------------+----------------------+-----
Conjurations   | 2 3 4 5 |  5.1
Fire Magic     | 4 5 6 7 |  7.8
Spellcasting   | 4 5 6 |  6.9
Dodging        | |  2.4
Stealth        | |  2.4

Action                   |  1- 3 |  4- 6 |  7- 9 || total
-------------------------+-------+-------+-------++-------
Melee: Dagger            |     7 |     5 |    25 ||    37
 Cast: Foxfire           |    84 |   127 |    88 ||   299
       Conjure Flame     |       |     3 |     2 ||     5
  Use: Potion            |       |       |     3 ||     3
Armor: Robe              |     1 |    10 |    25 ||    36
       Skin              |       |       |    69 ||    69
Dodge: Dodged            |    14 |    33 |    51 ||    98

Table legend: (Time is in decaauts)
 A = Elapsed time spent in this place.
 B = Non-inter-level travel time spent in this place.
 C = Inter-level travel time spent in this place.
 D = Time resting spent in this place.
 E = Time spent auto-exploring this place.
 F = Levels seen in this place.
 G = Mean time per level.
                   A        B        C        D        E       F      G
               +--------+--------+--------+--------+--------+-----+--------+
         Total |   6136 |   5946 |    190 |    829 |   3883 |   6 | 1022.7 |
       Dungeon |   5726 |   5574 |    152 |    829 |   3519 |   5 | 1145.2 |
        Temple |    410 |    372 |     38 |      0 |    364 |   1 |  410.0 |
               +--------+--------+--------+--------+--------+-----+--------+

Top non-repeatable levels by time:
     D:4: 1669 daAuts
     D:3: 1384 daAuts
     D:1: 1292 daAuts
     D:2: 1271 daAuts
  Temple: 410 daAuts
     D:5: 108 daAuts
